 Dungeon Sprint DCSS version 0.30-a0-949-g53dc5368d7 (webtiles) character file.

Game seed: 8255924778097134608

3900000 retardedninja the Axe Maniac (level 19, -28/207 HPs)
             Began as a Hill Orc Gladiator on Mar 27, 2023.
             Was the Champion of Makhleb.
             Annihilated by a sculptor of flesh
             ... wielding a +9 great sword
              (235 damage)
             ... in the Dungeon (Sprint VIII: "Arena of Blood").
             The game lasted 00:01:00 (39 turns).

retardedninja the Axe Maniac (Hill Orc Gladiator)     Turns: 39, Time: 00:01:00

Health: -28/207    AC:  8    Str: 23    XL:     19   Next: 89%
Magic:  19/27      EV: 26    Int:  8    God:    Makhleb [******]
Gold:   0          SH:  0    Dex: 14    Spells: 29/29 levels left

rFire   . . .      SeeInvis .    l - +โˆž Axe of Woe
rCold   . . .      Faith    .    (shield currently unavailable)
rNeg    . . .      Spirit   .    b - +0 leather armour
rPois   .          Reflect  .    c - +0 helmet
rElec   .          Rampage  .    (no cloak)
rCorr   .          NoTele   +    (no gloves)
Will    +....                    (no boots)
Stlth   +++                      (no amulet)
HPRegen 0.54/turn                (no ring)
MPRegen 0.20/turn                (no ring)

@: no status effects
A: no striking features
a: Renounce Religion, Minor Destruction, Lesser Servant of Makhleb, Major
Destruction, Greater Servant of Makhleb


You were in the Dungeon.
You worshipped Makhleb.
Makhleb was exalted by your worship.
You visited 1 branch

Inventory:

Hand Weapons
 a - a +0 war axe
 l - the +โˆž Axe of Woe (weapon)
   (You found it in the Dungeon)
Missiles
 d - 3 throwing nets (quivered)
 e - a javelin
Armour
 b - a +0 leather armour (worn)
 c - a +0 helmet (worn)
Scrolls
 k - a scroll of blinking
Potions
 f - a potion of curing
 g - a potion of heal wounds
 h - a potion of haste
 i - 2 potions of magic
 j - a potion of berserk rage


   Skills:
 O Level 27 Fighting
 + Level 7.8(9.3) Short Blades
 + Level 8.6(10.2) Long Blades
 O Level 27 Axes
 + Level 8.6(18.0) Maces & Flails
 + Level 8.6(18.0) Polearms
 + Level 7.1(9.7) Staves
 + Level 7.1 Ranged Weapons
 O Level 27 Throwing
 O Level 27 Armour
 O Level 27 Dodging
 + Level 7.1 Stealth
 + Level 8.6 Shields
 + Level 8.6 Unarmed Combat
 + Level 5.9 Spellcasting
 + Level 7.8 Conjurations
 + Level 8.8 Hexes
 + Level 7.8 Summonings
 + Level 7.8 Necromancy
 + Level 6.5 Translocations
 + Level 5.9 Transmutations
 + Level 9.6 Fire Magic
 + Level 8.0 Ice Magic
 + Level 7.3 Air Magic
 + Level 8.8 Earth Magic
 + Level 8.0 Poison Magic
 + Level 11.4 Invocations
 + Level 8.8 Evocations


You had 29 spell levels left.
You didn't know any spells.
Your spell library was empty.

Dungeon Overview and Level Annotations

Branches:
Dungeon (1/1)

Altars:
Makhleb


Message History

Your Unarmed Combat skill increases to level 7!
Your Spellcasting skill increases to level 5!
Your Transmutations skill increases to level 5!
Your Fire Magic skill increases to level 8!
Your Ice Magic skill increases to level 7!
Your Air Magic skill increases to level 6!
Your Poison Magic skill increases to level 7!
Your Invocations skill increases to level 10!
You slice the destroyer!!
You slaughter the destroyer joyfully.
You destroy the destroyer!
Makhleb accepts your kill.
You hear a shout! x3
The meat berserker rages.
You hear a shout! x5
Your base Short Blades skill increases to level 7!
Your base Long Blades skill increases to level 8!
Your base Maces & Flails skill increases to level 8!
Your base Polearms skill increases to level 8!
Your base Staves skill increases to level 7!
Your Ranged Weapons skill increases to level 7!
Your Stealth skill increases to level 7!
Your Shields skill increases to level 8!
Your Unarmed Combat skill increases to level 8!
Your Conjurations skill increases to level 7!
Your Hexes skill increases to level 8!
Your Summonings skill increases to level 7!
Your Necromancy skill increases to level 7!
Your Translocations skill increases to level 6!
Your Fire Magic skill increases to level 9!
Your Ice Magic skill increases to level 8!
Your Air Magic skill increases to level 7!
Your Earth Magic skill increases to level 8!
Your Poison Magic skill increases to level 8!
Your Invocations skill increases to level 11!
Your Evocations skill increases to level 8!
You hear a shout! x6
A bag of meat comes into view. It is wielding a +9 war axe.
The sculptor of flesh hits you with a +9 great sword!!!!!
Ouch! That really hurt!
You die...

.........
.........
#.......# ..
#.... ..#
...###.z. ..###.
.......O###....o.
#.....)ยง)_......
......#))...#...
..... #_@<._# .
......#o)z..#....
#.....ooO_.......
........###......
...###... ..###.
.. #.... ..#
#..... o#
........o
...........


You could see 2 sculptors of flesh, a large bag of meat (inner flame), a meat
berserker (berserk) and 4 bags of meat.

Vanquished Creatures
  3 vampire knights (D)
  8 ogres (D)
  16 orcs (D)
27 creatures vanquished.

Notes
Turn   | Place    | Note
-------+----------+-------------------------------------------
     0 | D        | Found the +โˆž Axe of Woe
     0 | D        | retardedninja the Hill Orc Gladiator began the quest for
                  | the Orb.
     0 | D        | Reached XP level 1. HP: 18/18 MP: 1/1
     2 | D        | Noticed a bag of meat
     4 | D        | Noticed a bag of meat
     4 | D        | Noticed a bag of meat
     4 | D        | Noticed a meat berserker
     7 | D        | Noticed a bag of meat
     8 | D        | Killed a bag of meat
     8 | D        | Noticed a bag of meat
     8 | D        | Noticed a bag of meat
     9 | D        | Reached XP level 2. HP: 24/40 MP: 2/2
     9 | D        | Reached XP level 3. HP: 28/47 MP: 3/3
     9 | D        | Reached XP level 4. HP: 33/55 MP: 4/4
     9 | D        | Reached XP level 5. HP: 37/61 MP: 5/5
     9 | D        | Reached XP level 6. HP: 41/68 MP: 6/6
     9 | D        | Reached XP level 7. HP: 45/74 MP: 7/7
     9 | D        | Reached XP level 8. HP: 50/82 MP: 8/8
     9 | D        | Reached XP level 9. HP: 54/89 MP: 9/9
     9 | D        | Reached XP level 10. HP: 58/96 MP: 10/10
     9 | D        | Reached XP level 11. HP: 62/102 MP: 11/11
    10 | D        | Killed a meat berserker
    10 | D        | Killed a bag of meat
    10 | D        | Noticed a bag of meat
    11 | D        | Reached skill level 15 in Fighting
    11 | D        | Reached skill level 27 in Axes
    11 | D        | Reached skill level 10 in Throwing
    11 | D        | Reached XP level 12. HP: 75/121 MP: 12/12
    11 | D        | Reached XP level 13. HP: 78/127 MP: 13/13
    11 | D        | Noticed a bag of meat
    11 | D        | Noticed a bag of meat
    12 | D        | Killed a bag of meat
    12 | D        | Killed a bag of meat
    12 | D        | Noticed a meat berserker
    13 | D        | Reached XP level 14. HP: 61/140 MP: 14/14
    13 | D        | Became a worshipper of Makhleb the Destroyer
    14 | D        | Killed a bag of meat
    14 | D        | Noticed a bag of meat
    15 | D        | Killed a bag of meat
    15 | D        | Reached * piety under Makhleb
    15 | D        | Noticed a bag of meat
    15 | D        | Noticed a bag of meat
    16 | D        | Noticed a meat berserker
    17 | D        | Noticed a meat berserker
    17 | D        | Noticed a meat berserker
    17 | D        | Noticed a meat berserker
    19 | D        | Killed a meat berserker
    19 | D        | Killed a meat berserker
    20 | D        | Reached skill level 15 in Throwing
    20 | D        | Reached XP level 15. HP: 150/162 MP: 15/15
    21 | D        | Noticed a meat berserker
    21 | D        | Killed a meat berserker
    21 | D        | Reached ** piety under Makhleb
    21 | D        | Killed a meat berserker
    22 | D        | Reached skill level 27 in Dodging
    22 | D        | Reached XP level 16. HP: 182/182 MP: 16/16
    22 | D        | Killed a meat berserker
    22 | D        | Reached *** piety under Makhleb
    23 | D        | Reached skill level 27 in Fighting
    23 | D        | Reached XP level 17. HP: 191/191 MP: 17/17
    24 | D        | Reached **** piety under Makhleb
    25 | D        | Reached skill level 27 in Throwing
    25 | D        | Noticed a destroyer
    26 | D        | Noticed a meat berserker
    28 | D        | Killed a meat berserker
    28 | D        | Killed a destroyer
    28 | D        | Reached ***** piety under Makhleb
    29 | D        | Reached skill level 27 in Armour
    29 | D        | Reached XP level 18. HP: 160/200 MP: 18/18
    29 | D        | Noticed a destroyer
    31 | D        | Reached skill level 1 in Spellcasting
    31 | D        | Reached skill level 1 in Transmutations
    32 | D        | Killed a destroyer
    32 | D        | Noticed a meat berserker
    33 | D        | Reached skill level 5 in Fire Magic
    33 | D        | Reached skill level 5 in Evocations
    33 | D        | Noticed a sculptor of flesh
    33 | D        | Noticed a large bag of meat
    33 | D        | Noticed a sculptor of flesh
    34 | D        | Killed a meat berserker
    35 | D        | Reached skill level 5 in Short Blades
    35 | D        | Reached skill level 5 in Staves
    35 | D        | Reached skill level 5 in Ranged Weapons
    35 | D        | Reached skill level 5 in Stealth
    35 | D        | Reached skill level 5 in Conjurations
    35 | D        | Reached skill level 5 in Summonings
    35 | D        | Reached skill level 5 in Necromancy
    35 | D        | Reached skill level 5 in Ice Magic
    35 | D        | Reached skill level 5 in Air Magic
    35 | D        | Reached skill level 5 in Poison Magic
    35 | D        | Reached XP level 19. HP: 207/207 MP: 18/25
    35 | D        | Noticed a destroyer
    36 | D        | Reached skill level 5 in Translocations
    37 | D        | Reached ****** piety under Makhleb
    38 | D        | Reached skill level 5 in Spellcasting
    38 | D        | Reached skill level 5 in Transmutations
    38 | D        | Reached skill level 10 in Invocations
    38 | D        | Killed a destroyer
    39 | D        | Annihilated by a sculptor of flesh

Illustrated notes

Levels and vault maps discovered:
D:        meatsprint

Skill      XL: |  1  2  3  4  5  6  7  8  9 10 11 12 13 14 15 16 17 18 19 |
---------------+----------------------------------------------------------+-----
Fighting       | 11 15 17 22 26 27 | 27.0
Axes           | 21 27 | 27.0
Throwing       | 7 10 12 15 18 25 27 | 27.0
Dodging        | 13 18 20 25 27 | 27.0
Armour         | 3 6 9 13 27 | 27.0
Short Blades   | 5 7 |  7.8
Long Blades    | 6 8 |  8.6
Maces & Flails | 6 8 |  8.6
Polearms       | 6 8 |  8.6
Staves         | 5 7 |  7.1
Ranged Weapons | 5 7 |  7.1
Stealth        | 5 7 |  7.1
Shields        | 6 8 |  8.6
Unarmed Combat | 6 8 |  8.6
Spellcasting   | 4 5 |  5.9
Conjurations   | 5 7 |  7.8
Hexes          | 6 8 |  8.8
Summonings     | 5 7 |  7.8
Necromancy     | 5 7 |  7.8
Translocations | 4 6 |  6.5
Transmutations | 4 5 |  5.9
Fire Magic     | 7 9 |  9.6
Ice Magic      | 5 8 |  8.0
Air Magic      | 5 7 |  7.3
Earth Magic    | 6 8 |  8.8
Poison Magic   | 5 8 |  8.0
Invocations    | 8 11 | 11.4
Evocations     | 6 8 |  8.8

Action                     |  1- 3 |  4- 6 |  7- 9 | 10-12 | 13-15 | 16-18 | 19-21 || total
---------------------------+-------+-------+-------+-------+-------+-------+-------++-------
  Melee: Executioner's axe |     1 |       |       |     1 |     5 |     6 |     3 ||    16
  Dodge: Dodged            |       |       |       |       |       |     1 |       ||     1

Table legend: (Time is in decaauts)
 A = Elapsed time spent in this place.
 B = Non-inter-level travel time spent in this place.
 C = Inter-level travel time spent in this place.
 D = Time resting spent in this place.
 E = Time spent auto-exploring this place.
 F = Levels seen in this place.
 G = Mean time per level.
                   A        B        C        D        E       F      G
               +--------+--------+--------+--------+--------+-----+--------+
         Total |     34 |     34 |      0 |      0 |      0 |   1 |   34.0 |
       Dungeon |     34 |     34 |      0 |      0 |      0 |   1 |   34.0 |
               +--------+--------+--------+--------+--------+-----+--------+

Top non-repeatable levels by time:
       D: 34 daAuts
